 Dungeon Crawl Stone Soup version 0.29-a0-575-g0dc89cf (webtiles) character file.

Game seed: 2963748705671989216

8058 Illumine the Grappler (level 11, -26/107 HPs)
             Began as a Troll Cinder Acolyte on June 13, 2022.
             Was an Initiate of Ignis.
             Annihilated by a two-headed ogre
             ... wielding a +0 giant club
              (31 damage)
             ... on level 8 of the Dungeon.
             The game lasted 00:19:21 (8357 turns).

Illumine the Grappler (Troll Cinder Acolyte)        Turns: 8357, Time: 00:19:21

Health: -26/107    AC:  4    Str: 28    XL:     11   Next: 4%
Magic:  0/11       EV:  7    Int: 16    God:    Ignis [......]
Gold:   533        SH: 11    Dex:  5    Spells: 8/12 levels left

rFire   + . .      SeeInvis .     - Unarmed
rCold   . . .      Faith    .   E - +0 tower shield
rNeg    . . .      Spirit   +   a - +0 robe
rPois   .          Reflect  .   (helmet restricted)
rElec   .          Harm     .   (no cloak)
rCorr   .          Rampage  .   (gloves unavailable)
Will    .....                   (boots unavailable)
Stlth   +.........              c - amulet of guardian spirit
HPRegen 1.07/turn               M - +6 ring of intelligence
MPRegen 0.12/turn               (no ring)

@: studying Translocations
A: large, unfitting armour, claws 3, regeneration 1, shaggy fur 1, tough skin 1
a: Renounce Religion, Rising Flame


You were on level 8 of the Dungeon.
You worshipped Ignis.
Ignis was noncommittal.
You visited 1 branch of the dungeon, and saw 9 of its levels.
You also visited: Ossuary and Bailey.

You collected 628 gold pieces.
You spent 95 gold pieces at shops.

Inventory:

Missiles
 b - 3 javelins
 k - 4 curare-tipped darts
 q - 24 poisoned darts
 t - a large rock (quivered)
 B - 3 atropa-tipped darts
 H - 22 boomerangs
 O - a throwing net
Armour
 a - a +0 robe (worn)
 s - an orb of light
 E - a +0 tower shield (worn)
Jewellery
 c - an amulet of guardian spirit (around neck)
 n - a +4 ring of evasion
 o - a ring of protection from fire
 M - a +6 ring of intelligence (left claw)
Wands
 i - a wand of digging (3)
 x - a wand of flame (35)
 G - a wand of polymorph (11)
 N - a wand of mindburst (12)
 P - a wand of iceblast (3)
Scrolls
 d - 3 scrolls of magic mapping
 f - 2 scrolls of enchant weapon {unknown}
 g - 3 scrolls of torment
 h - a scroll of blinking
 l - 2 scrolls of fog
 p - 3 scrolls of immolation {unknown}
 r - 2 scrolls of amnesia {unknown}
 w - 2 scrolls of vulnerability
 y - 3 scrolls of summoning {unknown}
 A - a scroll of brand weapon {unknown}
 J - a scroll of fear {unknown}
Potions
 e - 3 potions of mutation
 j - a potion of lignification {unknown}
 m - 5 potions of curing
 u - 3 potions of ambrosia {unknown}
 v - 2 potions of flight {unknown}
 z - a potion of magic {unknown}
 D - 2 potions of berserk rage {unknown}
 F - 2 potions of cancellation {unknown}
 I - 3 potions of brilliance {unknown}
 K - 3 potions of might {unknown}
 L - a potion of haste {unknown}


   Skills:
 + Level 6.7 Fighting
 - Level 5.5 Throwing
 - Level 5.0 Dodging
 - Level 1.0 Stealth
 * Level 5.2 Shields
 * Level 11.0 Unarmed Combat
 - Level 1.0 Spellcasting
 + Level 2.7 Translocations
 - Level 2.1 Fire Magic
 - Level 1.3 Evocations


You had 8 spell levels left.
You knew the following spells:

 Your Spells              Type           Power      Damage    Failure   Level
a - Scorch                Fire           14%        2d6       65%         2
b - Blink                 Tloc           18%        N/A       56%         2

Your spell library contained the following spells:

 Spells                   Type           Power      Damage    Failure   Level
 Beastly Appendage        Tmut           0%         N/A       80%         1
 Freeze                   Ice            0%         1d3       80%         1
 Summon Small Mammal      Summ           0%         N/A       80%         1
 Wereblood                Tmut           0%         N/A       91%         2
 Call Canine Familiar     Summ           0%         N/A       99%         3
 Frozen Ramparts          Ice            0%         1d2       99%         3
 Spider Form              Tmut/Pois      0%         N/A       99%         3
 Summon Guardian Golem    Hex/Summ       0%         N/A       99%         3
 Hailstorm                Conj/Ice       0%         3d3       100%        4
 Manifold Assault         Tloc           9%         N/A       100%        5
 Storm Form               Tmut/Air       0%         N/A       100%        7


Dungeon Overview and Level Annotations

Branches:
Dungeon (9/15)             Temple (0/1) D:7         Ossuary (visited)
 Bailey (visited)
   Lair: D:8-11         Orc: D:9-12

Altars:
Ashenzari
Dithmenos
Gozag
Qazlal
Ru
Trog
Uskayaw
Wu Jian
Yredelemnul

Shops:
D:1 ?

Annotations:
D:6 2 transporters, Caerwyn's ghost, novice TrCA


Innate Abilities, Weirdness & Mutations

You are too large for most types of armour.
You have claws for hands.
Your natural rate of healing is unusually fast.
You are covered in fur. (AC +1)
You have tough skin. (AC +1)


Message History

Press: ? - help, Q - select action, (/) - cycle Shift-Dir - straight line, f/p - wyvern
Aim: a wyvern (57% to hit)
You throw a large rock. The large rock hits the wyvern!
The wyvern is heavily wounded.
The wyvern barely misses you. You block the wyvern's attack.
The wyvern bites you but does no damage.
Unknown command.
Throw: 3 large rocks
Press: ? - help, Q - select action, (/) - cycle Shift-Dir - straight line, f/p - wyvern
Aim: a wyvern (heavily wounded, 57% to hit)
You throw a large rock.
The large rock barely misses the wyvern.
The large rock completely misses the two-headed ogre.
The wyvern bites you. x2; You block the wyvern's attack.
Unknown command.
Throw: 2 large rocks
Press: ? - help, Q - select action, (/) - cycle Shift-Dir - straight line, f/p - wyvern
Aim: a wyvern (heavily wounded, 57% to hit)
You throw a large rock. The large rock hits the wyvern.
The wyvern is severely wounded.
You block the wyvern's attack. x2
The wyvern bites you but does no damage.
You barely miss the wyvern.
The wyvern is severely wounded.
The wyvern closely misses you. You block the wyvern's attack.
You barely miss the wyvern.
The wyvern is severely wounded.
You block the wyvern's attack.
You scratch the wyvern.
The wyvern is almost dead.
The wyvern bites you. x2
You mangle the wyvern!!
You kill the wyvern!
Your Unarmed Combat skill increases to level 11!
You claw the two-headed ogre!
The two-headed ogre is severely wounded.
The two-headed ogre hits you with a +0 giant club!!!
* * * LOW HITPOINT WARNING * * *
The two-headed ogre hits you with a +0 giant club!!
You die...

#..........### #......#.....#
#.....<#.###.# #........# #.#
#......#.###.# #..#####.....#
######## #..# ###.#.#
#......####..#######.#.#####
##.####..(...)(O@.....#.....###
...# #.#####>#####...........#
##.####.### #)# #########.#.#
......#.#.###.#
##########.#.###
.........#.##.#
#..............[
#........##.#.#
#.######.....##.
#.............# #.# #.#.####.
#...........######.# #.#.# #.
##...##............# ###.#.# #.


You could see a two-headed ogre.

Vanquished Creatures
  An orc warlord (Bailey)
  A centaur warrior (D:8)
  2 two-headed ogres
  Pikel (D:5)
  A deep elf zephyrmancer (D:6)
  A shadow (D:8)
  A wraith (D:8)
  A vampire (D:8)
  Eustachio (D:6)
  2 wyverns
  Menkaure (D:6)
  4 orc warriors
  3 black bears
  3 ice beasts
  An ogre (D:6)
  2 centaurs
  A lemure (D:5)
  A kobold brigand (D:8)
  2 necrophages
  2 gnoll sergeants
  3 bullfrogs
  3 scorpions
  9 wights (D:8)
  4 howler monkeys
  4 human zombies (Ossuary)
  5 orc priests
  2 hounds
  5 jellies
  Jessica (D:2)
  Ijyb (D:5)
  4 iguanas
  5 orc wizards
  A hound zombie (Ossuary)
  4 mummies (Ossuary)
  8 gnolls
  7 adders
  A shadow imp (D:5)
  2 white imps
  3 ufetubi
  2 worms (D:2)
  2 dart slugs
  11 orcs
  8 ball pythons
  7 endoplasms
  4 giant cockroaches
  16 goblins
  8 hobgoblins
  2 jackals (D:4)
  3 quokkas
  7 bats
  5 frilled lizards
  2 gnoll zombies (Ossuary)
  A goblin zombie (Ossuary)
  A hobgoblin zombie (Ossuary)
  A jackal zombie (Ossuary)
  17 kobolds
  A kobold zombie (Ossuary)
  8 rats
  A rat zombie (Ossuary)
211 creatures vanquished.

Vanquished Creatures (others)
  A ball python (D:3)
  55 foxfires
  2 fungi (D:9)
  12 plants (D:9)
70 creatures vanquished.

Grand Total: 281 creatures vanquished

Notes
Turn   | Place    | Note
-------+----------+-------------------------------------------
     0 | D:1      | Illumine the Troll Cinder Acolyte began the quest for the
                  | Orb.
     0 | D:1      | Reached XP level 1. HP: 22/22 MP: 1/1
   151 | D:1      | Reached XP level 2. HP: 29/29 MP: 2/2
   338 | D:1      | Reached skill level 4 in Unarmed Combat
   430 | D:1      | Found a faded altar of an unknown god.
   583 | D:1      | Found Saologoi's Magic Scroll Boutique.
   591 | D:1      | Bought a scroll of blinking for 75 gold pieces
   591 | D:1      | Bought a scroll of identify for 20 gold pieces
   720 | D:2      | Found a hide-covered altar of Uskayaw.
   741 | D:2      | Reached XP level 3. HP: 28/36 MP: 1/3
   762 | D:2      | Noticed Jessica
   788 | D:2      | Killed Jessica
   888 | D:2      | Reached XP level 4. HP: 44/44 MP: 4/4
   961 | D:2      | Reached skill level 5 in Unarmed Combat
  1437 | D:3      | Found a broken altar of Ashenzari.
  1495 | D:3      | Learned a level 2 spell: Scorch
  2019 | D:4      | Reached XP level 5. HP: 44/50 MP: 3/5
  2028 | D:4      | Found a sand-covered staircase.
  2033 | Ossuary  | Entered an ossuary
  2047 | Ossuary  | Reached skill level 1 in Throwing
  2063 | Ossuary  | Reached skill level 1 in Dodging
  2069 | Ossuary  | Reached XP level 6. HP: 49/61 MP: 1/6
  2660 | D:4      | Reached skill level 6 in Unarmed Combat
  2668 | D:4      | Reached XP level 7. HP: 52/67 MP: 5/7
  2673 | D:4      | Found a sacrificial altar of Ru.
  2674 | D:4      | Noticed a +0 spear
  2675 | D:4      | Noticed a +0 falchion
  2676 | D:4      | Noticed a +0 dagger
  2676 | D:4      | Noticed a +0 falchion
  2686 | D:4      | Noticed a +0 spear
  2689 | D:4      | Noticed a +0 dagger
  2691 | D:4      | Noticed a +0 short sword
  2691 | D:4      | Noticed a +0 short sword
  2707 | D:4      | Found a hide-covered altar of Uskayaw.
  2814 | D:5      | Entered Level 5 of the Dungeon
  3125 | D:5      | Noticed Pikel
  3152 | D:5      | Killed Pikel
  3153 | D:5      | Reached skill level 1 in Stealth
  3153 | D:5      | Reached skill level 1 in Evocations
  3153 | D:5      | Reached XP level 8. HP: 43/79 MP: 5/8
  3163 | D:5      | Noticed Ijyb
  3170 | D:5      | Killed Ijyb
  3277 | D:5      | Reached skill level 7 in Unarmed Combat
  3310 | D:5      | Noticed a two-headed ogre
  3331 | D:5      | Killed a two-headed ogre
  3332 | D:5      | Reached XP level 9. HP: 27/87 MP: 2/9
  3570 | D:5      | Found a basalt altar of Yredelemnul.
  3664 | D:5      | Found a bloodstained altar of Trog.
  3808 | D:5      | Found a shadowy altar of Dithmenos.
  4130 | D:6      | Reached skill level 5 in Fighting
  4130 | D:6      | Reached skill level 8 in Unarmed Combat
  4209 | D:6      | Noticed a deep elf zephyrmancer
  4214 | D:6      | Killed a deep elf zephyrmancer
  4405 | D:6      | Found a transporter.
  4407 | D:6      | Noticed Caerwyn's ghost (novice TrCA)
  4408 | D:6      | Found a transporter.
  4473 | D:6      | Reached skill level 5 in Throwing
  4523 | D:6      | Noticed Eustachio
  4534 | D:6      | Killed Eustachio
  4675 | D:6      | Noticed Menkaure
  4680 | D:6      | Killed Menkaure
  5035 | D:6      | Reached skill level 9 in Unarmed Combat
  5346 | D:6      | Identified the +10 dire flail of Hisots {venom, Stlth+}
  5517 | D:7      | Found a staircase to the Ecumenical Temple.
  5685 | D:7      | Reached skill level 5 in Dodging
  5759 | D:7      | Reached skill level 1 in Shields
  5759 | D:7      | Reached XP level 10. HP: 91/98 MP: 6/10
  5839 | D:7      | Found an opulent altar of Gozag.
  5912 | D:7      | Found an ornate altar of the Wu Jian Council.
  6298 | D:8      | Found a flagged portal.
  6310 | Bailey   | Entered a bailey
  6317 | Bailey   | Noticed an orc warlord
  6519 | Bailey   | Found a runed translucent gate.
  6521 | Bailey   | Found a runed translucent gate.
  6523 | Bailey   | Found a runed translucent gate.
  6593 | Bailey   | Killed an orc warlord
  6594 | Bailey   | Reached skill level 10 in Unarmed Combat
  6603 | Bailey   | Acquired a manual of Translocations
  6779 | D:8      | Found a stormy altar of Qazlal.
  6783 | D:8      | Learned a level 2 spell: Blink
  7136 | D:8      | Noticed a centaur warrior
  7164 | D:8      | Reached skill level 1 in Translocations
  7230 | D:8      | Killed a centaur warrior
  7697 | D:9      | Noticed a two-headed ogre
  7723 | D:9      | Noticed a two-headed ogre
  8247 | D:9      | Killed a two-headed ogre
  8248 | D:9      | Reached skill level 5 in Shields
  8248 | D:9      | Reached XP level 11. HP: 78/107 MP: 7/11
  8357 | D:8      | Reached skill level 11 in Unarmed Combat
  8357 | D:8      | HP: 5/107 [two-headed ogre/+0 giant club (34)]
  8357 | D:8      | Annihilated by a two-headed ogre

Illustrated notes

Levels and vault maps discovered:
D:1:      nicolae_arrival_somewhat_less_tricky_arrival, layout_loops_ring,
          serial_shops, nicolae_square_shop,
          hellmonk_ecumenical_altar_leap_of_faith
D:2:      layout_loops_ring, basic_altar, chequers_serial_rivers_small_b,
          uniq_jessica
D:3:      layout_loops_ring, evilmike_ruin_ashenzari, minmay_misc_feat_columns,
          minmay_stone_trees_small, lemuel_old_faithful
D:4:      layout_basic, mainiacjoe_overflow_small_starburst,
          nicolae_uskayaw_en_pointe, enter_ossuary_2
D:5:      layout_layer_cave, kennysheep_mini_moat,
          nicolae_dithmenos_shadow_blocks, yredelemnul_altar_generic,
          uniq_pikel, uniq_ijyb
D:6:      layout_loops_corners, gammafunk_ghost_smash, grunt_ministairs_4,
          guppyfry_early_elven_hall, uniq_menkaure, uniq_eustachio
D:7:      layout_basic, mainiacjoe_overflow_swirl, temple_doors_cd
D:8:      layout_loops_ring, mainiacjoe_overflow_24_doors, enter_bailey_5,
          minmay_misc_feat_x, kennysheep_crisscross, minmay_chambers_of_fives
D:9:      layout_big_octagon, mainiacjoe_overflow_surrounded_room,
          mainiacjoe_overflow_alcove_4, minmay_lair_entry_grove

Skill      XL: |  1  2  3  4  5  6  7  8  9 10 11 |
---------------+----------------------------------+-----
Unarmed Combat | 4 5 6 7 9 10 11 | 11.0
Throwing       | 1 2 3 4 5 |  5.5
Dodging        | 1 2 3 5 |  5.0
Fighting       | 3 4 5 6 |  6.7
Stealth        | 1 |  1.0
Evocations     | 1 |  1.3
Shields        | 1 5 |  5.2
Translocations | 2 |  2.7
Spellcasting   | |  1.0
Fire Magic     | |  2.1

Action                   |  1- 3 |  4- 6 |  7- 9 | 10-12 || total
-------------------------+-------+-------+-------+-------++-------
Melee: Unarmed           |    79 |   136 |   208 |   171 ||   594
       Punch             |     2 |     2 |     3 |       ||     7
Throw: Dart              |       |     2 |    14 |     1 ||    17
       Javelin           |       |     2 |     3 |       ||     5
       Boomerang         |       |       |       |    25 ||    25
       Large rock        |       |       |       |    10 ||    10
 Cast: Scorch            |       |       |    11 |       ||    11
Invok: Fiery Armour      |       |     1 |     3 |     4 ||     8
       Foxfire Swarm     |       |       |     1 |     2 ||     3
Evoke: Wand              |       |       |       |     1 ||     1
  Use: Scroll            |     2 |     3 |     2 |     6 ||    13
       Potion            |       |     1 |       |     2 ||     3
 Stab: Sleeping          |       |       |     1 |       ||     1
Armor: Robe              |    39 |    85 |    55 |    46 ||   225
Dodge: Dodged            |    34 |    87 |    74 |    54 ||   249
Block: Tower shield      |       |       |     6 |   106 ||   112

Table legend: (Time is in decaauts)
 A = Elapsed time spent in this place.
 B = Non-inter-level travel time spent in this place.
 C = Inter-level travel time spent in this place.
 D = Time resting spent in this place.
 E = Time spent auto-exploring this place.
 F = Levels seen in this place.
 G = Mean time per level.
                   A        B        C        D        E       F      G
               +--------+--------+--------+--------+--------+-----+--------+
         Total |   8370 |   7872 |    498 |    653 |   5122 |  11 |  760.9 |
       Dungeon |   7790 |   7292 |    498 |    571 |   5042 |   9 |  865.6 |
       Ossuary |    185 |    185 |      0 |     12 |     59 |   1 |  185.0 |
        Bailey |    394 |    394 |      0 |     70 |     20 |   1 |  394.0 |
               +--------+--------+--------+--------+--------+-----+--------+

Top non-repeatable levels by time:
     D:6: 1472 daAuts
     D:8: 1411 daAuts
     D:5: 1240 daAuts
     D:7: 915 daAuts
     D:4: 694 daAuts
     D:1: 669 daAuts
     D:3: 652 daAuts
     D:2: 591 daAuts
  Bailey: 394 daAuts
 Ossuary: 185 daAuts
     D:9: 143 daAuts
